 Dungeon Crawl Stone Soup version 0.29-a0-717-g6dac4ea423 (webtiles) character file.

Game seed: 2052151022594732237

477 pokeman the Magician (level 6, -2/34 HPs)
             Began as a Deep Elf Hedge Wizard on June 25, 2022.
             Succumbed to a scorpion's poison
             ... on level 4 of the Dungeon on June 26, 2022.
             The game lasted 00:19:35 (5282 turns).

pokeman the Magician (Deep Elf Hedge Wizard)        Turns: 5282, Time: 00:19:37

Health: -2/34      AC:  4    Str:  7    XL:     6   Next: 85%
Magic:  3/18       EV: 12    Int: 21    God:
Gold:   216        SH:  0    Dex: 14    Spells: 8/19 levels left

rFire   . . .      SeeInvis .   z - +2 short sword (venom)
rCold   . . .      Faith    .   (no shield)
rNeg    + . .      Spirit   .   p - +0 leather armour
rPois   .          Reflect  .   g - +0 helmet
rElec   .          Harm     .   (no cloak)
rCorr   .          Rampage  .   (no gloves)
Will    .....                   (no boots)
Stlth   ++........              (no amulet)
HPRegen 0.11/turn               l - ring of flight
MPRegen 0.16/turn               r - ring of positive energy

@: lethally poisoned (-2 -> -17), flying
A: no striking features
a: no special abilities


You were on level 4 of the Dungeon.
You visited 1 branch of the dungeon, and saw 4 of its levels.
You also visited: Sewer.

You collected 216 gold pieces.

Inventory:

Hand Weapons
 z - a +2 short sword of venom (weapon)
Armour
 c - a +1 ring mail of poison resistance
 g - a +0 helmet (worn)
 k - a +0 buckler
 p - a +0 leather armour (worn)
Jewellery
 l - a ring of flight (left hand)
 r - a ring of positive energy (right hand)
 w - a ring of positive energy
Scrolls
 a - 2 scrolls of brand weapon {unknown}
 b - a scroll of fear {unknown}
 h - a scroll of summoning {unknown}
 i - 2 scrolls of identify {unknown}
 o - 2 scrolls of teleportation {unknown}
 q - a scroll of fog {unknown}
 t - a scroll of torment {unknown}
 u - 2 scrolls of magic mapping {unknown}
 v - a scroll of enchant armour {unknown}
Potions
 d - a potion of magic
 e - 2 potions of degeneration {unknown}
 f - 3 potions of brilliance {unknown}
 j - 2 potions of might {unknown}
 m - a potion of curing {unknown}
 n - a potion of lignification {unknown}
 s - 2 potions of mutation {unknown}


   Skills:
 + Level 1.0 Fighting
 - Level 1.0 Armour
 - Level 3.2 Dodging
 - Level 3.1 Stealth
 - Level 1.2 Shields
 * Level 7.4 Spellcasting
 + Level 3.5 Conjurations
 - Level 1.1 Summonings
 - Level 1.1 Translocations
 + Level 1.2 Fire Magic
 - Level 1.1 Air Magic
 - Level 1.2 Poison Magic


You had 8 spell levels left.
You knew the following spells:

 Your Spells              Type           Power      Damage    Failure   Level
a - Magic Dart            Conj           88%        1d7       3%          1
b - Mephitic Cloud        Conj/Pois/Air  15%        N/A       17%         3
c - Call Imp              Summ           12%        N/A       12%         2
d - Blink                 Tloc           24%        N/A       12%         2
e - Conjure Flame         Conj/Fire      17%        6-21      14%         3

Your spell library contained the following spells:

 Spells                   Type           Power      Damage    Failure   Level
 Slow                     Hex            28%        N/A       12%         1
 Lesser Beckoning         Tloc           12%        N/A       24%         3
 Confusing Touch          Hex            7%         N/A       36%         3
 Vampiric Draining        Necr           7%         2d6       36%         3
 Manifold Assault         Tloc           12%        N/A       91%         5


Dungeon Overview and Level Annotations

Branches:
Dungeon (4/15)              Sewer (visited)
 Temple: D:4-7

Altars:
Cheibriados
Okawaru

Annotations:
D:4 Grinder


Message History

The magic dart hits Grinder but does no damage.
Grinder is heavily wounded.
Unknown command.
There is a stone staircase leading up here.
An adder comes into view.
Found 3 stones and a scroll labelled DONOSE KAMEF.
The adder hisses angrily.
Grinder attacks as you move away! Grinder hits you but does no damage.
Grinder gestures at you. You resist with some effort.
Casting: Magic Dart (safe; 3% risk of failure)
Confirm with . or Enter, or press ? or * to list all spells.
You blink.
Grinder says, "DUCK!"
A scorpion comes into view.
Grinder blinks!
Grinder hits you.
You writhe in agony.
Grinder attacks as you move away! Grinder hits you.
Grinder blinks!
You feel stable enough to blink again. The adder barely misses you.
The adder bites you.
You are poisoned.
The adder poisons you! The scorpion attacks as you move away!
The scorpion misses you. The adder attacks as you move away!
The adder bites you.
You feel sick. The adder attacks as you move away! The adder barely misses you.
You feel sick.
Grinder blinks!
The adder bites you. The hobgoblin attacks as you move away!
The hobgoblin barely misses you.
You feel sick.
You feel sick. The scorpion attacks as you move away!
The scorpion barely misses you.
You feel sick. The scorpion closely misses you.
You feel sick. The adder completely misses you.
The scorpion attacks as you move away! The scorpion stings you.
* * * LOW HITPOINT WARNING * * *
You are lethally poisoned!
The scorpion poisons you! The adder attacks as you move away!
The adder bites you.
* * * LOW HITPOINT WARNING * * *
You die...

.......####...# .
............######
.##............##..###
..........#...##.....#
..............##.....#
.....................#
..<................#.#
......#......gs.....##
..............S.@....#
...........#####.##≈.#
#.........##≈..###.≈≈#
#.........#≈†..÷##≈≈≈#
..........#≈≈#≈≈≈#≈≈##
.......#..#.≈#≈.≈#≈≈#
.......#.$#.≈#≈.≈#≈.#
......(...#.≈#≈†≈#≈≈#
..........#≈≈#≈.≈#≈≈#


You could see a scorpion, an adder and a hobgoblin.

Vanquished Creatures
  4 kobold brigands (Sewer)
  9 adders (Sewer)
  2 worms (D:2)
  2 dart slugs
  2 orcs (D:3)
  7 ball pythons
  12 endoplasms
  8 giant cockroaches
  9 hobgoblins
  4 jackals (D:1)
  5 quokkas
  8 bats
  4 frilled lizards
  12 goblins
  10 kobolds
  12 rats
110 creatures vanquished.

Notes
Turn   | Place    | Note
-------+----------+-------------------------------------------
     0 | D:1      | pokeman the Deep Elf Hedge Wizard began the quest for the
                  | Orb.
     0 | D:1      | Reached XP level 1. HP: 10/10 MP: 7/7
   271 | D:1      | Reached XP level 2. HP: 16/16 MP: 5/9
   612 | D:1      | Reached skill level 5 in Spellcasting
   778 | D:1      | Reached XP level 3. HP: 20/20 MP: 9/11
   782 | D:1      | Learned a level 3 spell: Mephitic Cloud
   785 | D:1      | Learned a level 2 spell: Call Imp
   788 | D:1      | Learned a level 2 spell: Blink
   792 | D:1      | Learned a level 3 spell: Conjure Flame
   906 | D:1      | Found a faded altar of an unknown god.
  1428 | D:2      | Upgraded the game from 0.29-a0-700-g2f1814c7b2 to
                  | 0.29-a0-717-g6dac4ea423
  1451 | D:2      | Reached skill level 1 in Fighting
  1451 | D:2      | Reached skill level 1 in Armour
  2096 | D:2      | Reached XP level 4. HP: 22/25 MP: 7/13
  2158 | D:2      | Found an iron altar of Okawaru.
  2640 | D:3      | Found a snail-covered altar of Cheibriados.
  3400 | D:4      | Noticed Grinder
  3463 | D:4      | Found a glowing drain.
  3469 | Sewer    | Entered a sewer
  3514 | Sewer    | Noticed a kobold brigand
  3518 | Sewer    | Noticed a kobold brigand
  3604 | Sewer    | Noticed a kobold brigand
  3621 | Sewer    | Killed a kobold brigand
  3622 | Sewer    | Reached skill level 1 in Shields
  3622 | Sewer    | Reached skill level 6 in Spellcasting
  3622 | Sewer    | Reached XP level 5. HP: 23/29 MP: 4/15
  4296 | Sewer    | Reached skill level 1 in Fire Magic
  4296 | Sewer    | Reached XP level 6. HP: 27/34 MP: 10/17
  4600 | Sewer    | Reached skill level 7 in Spellcasting
  4869 | Sewer    | Reached skill level 1 in Air Magic
  4869 | Sewer    | Reached skill level 1 in Poison Magic
  5222 | D:4      | Paralysed by Grinder for 4 turns
  5239 | D:4      | Paralysed by Grinder for 5 turns
  5282 | D:4      | Succumbed to a scorpion's poison

Illustrated notes

Levels and vault maps discovered:
D:1:      dpeg_arrival_boxorama, layout_rooms, chequers_ecumenical_altar_grove,
          minmay_tree_intersection
D:2:      layout_loops_cross, basic_altar, minmay_liquid_box
D:3:      layout_basic, cheibriados_altar_1, kennysheep_small_spiral
D:4:      layout_cave_pools, gup_sewer_entry_pipe, uniq_grinder

Skill      XL: |  1  2  3  4  5  6 |
---------------+-------------------+-----
Spellcasting   | 5 6 7 |  7.4
Fighting       | 1 |  1.0
Armour         | 1 |  1.0
Conjurations   | 2 3 |  3.5
Dodging        | 3 |  3.2
Shields        | 1 |  1.2
Stealth        | 3 |  3.1
Fire Magic     | 1 |  1.2
Air Magic      | 1 |  1.1
Poison Magic   | 1 |  1.2
Summonings     | |  1.1
Translocations | |  1.1

Action                   |  1- 3 |  4- 6 || total
-------------------------+-------+-------++-------
Melee: Dagger            |    14 |       ||    14
       Falchion          |       |    29 ||    29
       Punch             |       |     2 ||     2
Throw: Dart              |       |     2 ||     2
 Cast: Magic Dart        |   127 |   145 ||   272
       Mephitic Cloud    |     1 |     6 ||     7
       Conjure Flame     |     1 |     4 ||     5
       Call Imp          |       |     2 ||     2
       Blink             |       |     1 ||     1
 Stab: Confused          |       |     6 ||     6
Armor: Robe              |     7 |       ||     7
       Leather armour    |       |     9 ||     9
Dodge: Dodged            |    18 |    28 ||    46

Table legend: (Time is in decaauts)
 A = Elapsed time spent in this place.
 B = Non-inter-level travel time spent in this place.
 C = Inter-level travel time spent in this place.
 D = Time resting spent in this place.
 E = Time spent auto-exploring this place.
 F = Levels seen in this place.
 G = Mean time per level.
                   A        B        C        D        E       F      G
               +--------+--------+--------+--------+--------+-----+--------+
         Total |   5292 |   5131 |    161 |    593 |   3741 |   5 | 1058.4 |
       Dungeon |   3591 |   3430 |    161 |     28 |   2871 |   4 |  897.8 |
         Sewer |   1700 |   1700 |      0 |    565 |    870 |   1 | 1700.0 |
               +--------+--------+--------+--------+--------+-----+--------+

Top non-repeatable levels by time:
   Sewer: 1700 daAuts
     D:1: 1426 daAuts
     D:2: 1047 daAuts
     D:3: 967 daAuts
     D:4: 150 daAuts
